 Dungeon Crawl Stone Soup version 0.28.0-1-gb440e238dd (webtiles) character file.

Game seed: 6395659401404075020

7 zeram the Ducker (level 1, -1/11 HPs)
             Began as a Spriggan Fighter on Feb 24, 2022.
             Slain by a quokka (5 damage)
             ... on level 1 of the Dungeon.
             The game lasted 00:00:56 (326 turns).

zeram the Ducker (Spriggan Fighter)                  Turns: 326, Time: 00:00:57

Health: -1/11      AC:  2    Str: 12    XL:     1   Next: 91%
Magic:  2/2        EV: 17    Int:  9    God:
Gold:   55         SH:  6    Dex: 14    Spells: 0/0 levels left

rFire   . . .      SeeInvis +   a - +0 rapier
rCold   . . .      Faith    .   c - +0 buckler
rNeg    . . .      Spirit   .   b - +0 robe
rPois   .          Reflect  .   (helmet restricted)
rElec   .          Harm     .   (no cloak)
rCorr   .          Rampage  .   (gloves unavailable)
Will    .....                   (boots unavailable)
Stlth   +.........              (no amulet)
HPRegen 0.03/turn               (no ring)
MPRegen 0.08/turn               (no ring)

@: very quick
A: very small, no large weapons, unfitting armour, see invisible, speed 3
a: no special abilities


You were on level 1 of the Dungeon.
You visited 1 branch of the dungeon, and saw 1 of its levels.

You collected 55 gold pieces.

Inventory:

Hand Weapons
 a - a +0 rapier (weapon)
Armour
 b - a +0 robe (worn)
 c - a +0 buckler (worn)
Scrolls
 e - a scroll of blinking {unknown}
Potions
 d - a potion of might


   Skills:
 - Level 2.4 Fighting
 + Level 2.2 Short Blades
 + Level 4.4 Dodging
 + Level 2.3 Shields


You couldn't memorise any spells.
You didn't know any spells.
Your spell library was empty.

Dungeon Overview and Level Annotations

Branches:
Dungeon (1/15)

Altars:

Shops:
D:1 *


Innate Abilities, Weirdness & Mutations

You are very small and have problems with some larger weapons.
You are too small for most types of armour.
You have supernaturally acute eyesight. (SInv)
You cover ground extremely quickly. (Speed+++)


Message History

The kobold closely misses you. The hobgoblin barely misses you.
Unknown command.
You closely miss the hobgoblin. The kobold closely misses you.
The hobgoblin hits you.
You hit the hobgoblin.
The hobgoblin is moderately wounded.
The kobold completely misses you. The hobgoblin barely misses you.
You block the kobold's attack.
You hit the hobgoblin but do no damage.
The hobgoblin is moderately wounded.
The hobgoblin completely misses you. The kobold barely misses you.
You barely miss the hobgoblin.
The hobgoblin is moderately wounded.
The hobgoblin closely misses you. The kobold completely misses you.
You hit the hobgoblin.
The hobgoblin is heavily wounded.
The hobgoblin closely misses you. The kobold closely misses you.
You hit the hobgoblin.
You kill the hobgoblin!
A frilled lizard comes into view.
The kobold closely misses you.
The frilled lizard moves out of view.
You completely miss the kobold. You block the kobold's attack.
The giant cockroach waves its antennae.
The kobold hits you with a +0 whip.
* * * LOW HITPOINT WARNING * * *
The frilled lizard hisses angrily.
Found a mace.
There are monsters nearby!
Found Jycuhaoz's Assorted Antiques.
A quokka comes into view.
There is an entrance to Jycuhaoz's Assorted Antiques here.
You can access your shopping list by pressing '$'.
A quokka is nearby!
You are too injured to fight recklessly!
You are too injured to fight recklessly!
You are too injured to fight recklessly!
A hobgoblin comes into view.
The hobgoblin shouts!
The quokka bites you.
You die...

.#.# #....# ..
.#.# #....##[. g#
.#.# #........ ..
.#.####....#
#.#+###.
.#.#.......#
#......
...........# .....
...........# ...
.#....)...## #r#
...# ## #
.#........# #@#
...# #.#. #.
.#........#
#.#####.#+##.#.#.#
.#......#.#
#.#.........#.#.#.
.#...##.#.#
#∩#........#.#.#.#
P#...##.#.#
#.#.........#.#.#.
#...##.#..
#.B....K.>.#.#.#.#
#...##.###
###........l#.#.#.
#...##.#
#......$.......#
######.#
#...............


You could see a quokka, a giant cockroach and a hobgoblin.

Vanquished Creatures
  A giant cockroach (D:1)
  A goblin (D:1)
  A hobgoblin (D:1)
  A kobold (D:1)
  A quokka (D:1)
  A rat (D:1)
6 creatures vanquished.

Notes
Turn   | Place    | Note
-------+----------+-------------------------------------------
     0 | D:1      | zeram the Spriggan Fighter began the quest for the Orb.
     0 | D:1      | Reached XP level 1. HP: 11/11 MP: 2/2
   320 | D:1      | Found Jycuhaoz's Assorted Antiques.
   326 | D:1      | Slain by a quokka

Illustrated notes

Levels and vault maps discovered:
D:1:      eino_arrival_druids_welcome, layout_basic, serial_shops, shop,
          minivault_23, minmay_liquid_box

Action                   || total
-------------------------++-------
Melee: Rapier            ||    22
Dodge: Dodged            ||    22
Block: Buckler           ||     6
